 Dungeon Crawl Stone Soup version 0.18.1-50-g88ac8fd (webtiles) character file.

2954 DungeonMaster the Nimble (level 9, -6/41 HPs)
             Began as a Spriggan Warper on Sept 24, 2016.
             Was an Initiate of Gozag.
             Killed by divine providence
             ... invoked by an orc priest
              (10 damage)
             ... on level 2 of the Orcish Mines.
             The game lasted 00:41:28 (8498 turns).

DungeonMaster the Nimble (Spriggan Warper)          Turns: 8498, Time: 00:41:29

Health: -6/41      AC:  3    Str:  9    XL:     9   Next: 52%
Magic:  6/22       EV: 26    Int: 20    God:    Gozag
Gold:   885        SH:  0    Dex: 18    Spells: 7 memorised, 5 levels left

rFire  . . .     SeeInvis +     a - +2 dagger (venom)
rCold  . . .     Gourm    .     b - +1 robe
rNeg   . . .     Faith    .     (shield restricted)
rPois  .         Spirit   .     (helmet restricted)
rElec  .         Dismiss  .     (no cloak)
rCorr  .         Reflect  .     (gloves unavailable)
SustAt .         Harm     .     (boots unavailable)
MR     +....                    t - amulet of rage
Stlth  +++++.....               k - +5 ring of intelligence
                                D - +2 ring of strength

@: gold aura, very quick, somewhat resistant to hostile enchantments, quite
stealthy
A: unfitting armour, see invisible, herbivore 3, speed 3, slow metabolism 2
a: Potion Petition, Call Merchant, Bribe Branch, Renounce Religion, Evoke
Berserk Rage


You were on level 2 of the Orcish Mines.
You worshipped Gozag.
Gozag was noncommittal.
You were not hungry.

You visited 3 branches of the dungeon, and saw 12 of its levels.

You collected 935 gold pieces.
You paid 50 gold pieces to Gozag.

Inventory:

Hand Weapons
 a - a +2 dagger of venom (weapon)
 e - a +1 shortbow of freezing
 q - a +0 dagger of venom
 s - a +0 rapier
 w - a +0 hunting sling
Missiles
 g - 21 poisoned needles
 h - 111 arrows
 i - 270 stones (quivered)
 r - 35 bolts
 z - 24 sling bullets
 A - 8 needles of frenzy
 E - 6 tomahawks
Armour
 b - a +1 robe (worn)
Jewellery
 k - a +5 ring of intelligence (right hand)
 t - an amulet of rage (around neck)
 y - an uncursed ring of ice
 D - a +2 ring of strength (left hand)
Scrolls
 d - a scroll of blinking
 j - 2 scrolls of enchant armour
 l - 2 scrolls of teleportation
 m - 3 scrolls of recharging
 p - 2 scrolls of remove curse
 v - a scroll of amnesia
Potions
 n - 4 potions of flight
 o - 3 potions of heal wounds
 u - a potion of brilliance {unknown}
 x - a potion of curing {unknown}
 C - a potion of berserk rage
Books
 c - a book of Spatial Translocations

   Spells                             Type                      Level
   a - Apportation                    Translocation                1
   b - Blink                          Translocation                2
   c - Shroud of Golubria             Charms/Translocation         2
   d - Portal Projectile              Translocation                3
   e - Teleport Other                 Translocation                3
   f - Passage of Golubria            Translocation                4
 B - a book of the Warp

   Spells                             Type                      Level
   a - Recall                         Summoning/Translocation      3
   b - Gell's Gravitas                Hexes/Translocation          3
   c - Force Lance                    Conjuration/Translocation    4
   d - Warp Weapon                    Charms/Translocation         5
   e - Summon Forest                  Summoning/Translocation      5
Comestibles
 f - 4 bread rations


   Skills:
 - Level 1.5 Fighting
 - Level 5.0 Short Blades
 - Level 1.0 Throwing
 * Level 10.1 Dodging
 * Level 10.0 Stealth
 * Level 8.0 Spellcasting
 * Level 9.2 Translocations


You had 5 spell levels left.
You knew the following spells:

 Your Spells              Type           Power        Failure   Level  Hunger
a - Apportation           Tloc           #####.....   1%          1    None
b - Blink                 Tloc           N/A          1%          2    None
c - Shroud of Golubria    Chrm/Tloc      ####......   1%          2    None
d - Passage of Golubria   Tloc           N/A          1%          4    ###....
e - Teleport Other        Tloc           #####...     1%          3    None
f - Portal Projectile     Tloc           #####.       1%          3    None
g - Force Lance           Conj/Tloc      ####....     14%         4    ###....


Dungeon Overview and Level Annotations

Branches:
Dungeon (9/15)             Temple (1/1) D:4            Lair (0/8) D:9
    Orc (2/2) D:9
    Elf: Orc:2

Altars:
Ashenzari
Cheibriados
Dithmenos
Elyvilon
Fedhas
Gozag
Makhleb
Nemelex Xobeh
Pakellas
Qazlal
Sif Muna
Trog
Vehumet
Xom
Yredelemnul
Zin
The Shining One

Shops:
D:9 }

Portals:
Bailey: Orc:1

Annotations:
D:5 jerryfan's ghost, novice DrAr
D:8 Prince Ribbit
Orc:1 appiemonkey's ghost, journeyman DDFi


Innate Abilities, Weirdness & Mutations

You are tiny and cannot use many weapons and most armour.
You have supernaturally acute eyesight.
You are a herbivore.
You cover ground extremely quickly.
You need consume almost no food.


Message History

The orc warrior throws a tomahawk.
The tomahawk completely misses you.
There is a stone staircase leading down here.
You see here a tomahawk.
The orc warrior throws a tomahawk.
The tomahawk hits you!
* * * LOW HITPOINT WARNING * * *
You climb downwards.
An orc comes into view. It is wielding a short sword.
There is a stone staircase leading up here.
An orc warrior comes into view. It is wielding a battleaxe of chopping.
There is a stone staircase leading up here.
Your shroud unravels.
An orc priest comes into view.
The orc priest shouts!
The helpless orc fails to defend itself.
You perforate the orc like a sieve!!!
You kill the orc!
The orc priest calls down the wrath of Beogh upon you.
Beogh smites you!
You die...
Your body crumbles into a pile of gold.

##.# #....
#.......
##........
##.#..#..#.
##..........
#...#.#...#.
##<#......o.
##.@$....o.
##........
#........
#........
.........
.........
.........
..#.......


You could see an orc warrior (wandering) and an orc priest.

Vanquished Creatures
  Joseph (D:8)
  A hippogriff (D:9)
  A warg (D:9)
  An ice beast (D:9)
  An eye of draining (D:9)
  2 sky beasts (D:9)
  3 centaurs
  2 necrophages
  2 ogres
  5 giant frogs
  2 scorpions
  4 killer bees
  4 crimson imps
  3 hounds
  5 orc priests
  A giant frog skeleton (D:7)
  A gnoll shaman (D:5)
  An iguana (D:4)
  7 orc wizards
  2 worker ants
  A worker ant zombie (D:8)
  Robin (D:3)
  7 gnolls
  2 adders (D:5)
  An adder skeleton (D:4)
  A worm (D:5)
  3 dart slugs (D:1)
  28 orcs
  6 bats
  6 giant cockroaches
  10 goblins
  2 hobgoblins (D:1)
  2 quokkas
  A ball python (D:1)
  2 giant newts
  A quokka skeleton (D:8)
  7 rats
130 creatures vanquished.

Notes
Turn   | Place    | Note
--------------------------------------------------------------
     0 | D:1      | DungeonMaster the Spriggan Warper began the quest for the Orb.
     0 | D:1      | Reached XP level 1. HP: 10/10 MP: 5/5
   406 | D:1      | Reached skill level 1 in Stealth
   428 | D:1      | Reached XP level 2. HP: 14/14 MP: 6/6
   440 | D:1      | Learned a level 2 spell: Blink
   443 | D:1      | Learned a level 2 spell: Shroud of Golubria
   924 | D:2      | Reached XP level 3. HP: 18/18 MP: 8/8
  1422 | D:3      | Noticed Robin
  1600 | D:3      | Killed Robin
  1600 | D:3      | Reached skill level 5 in Translocations
  1787 | D:4      | Reached XP level 4. HP: 9/22 MP: 10/10
  1798 | D:4      | Found a staircase to the Ecumenical Temple.
  1807 | Temple   | Entered the Ecumenical Temple
  1999 | Temple   | Became a worshipper of Gozag Ym Sagoz the Greedy
  2039 | Temple   | Learned a level 4 spell: Passage of Golubria
  2119 | D:5      | Entered Level 5 of the Dungeon
  2146 | D:5      | Found an oddly glowing altar of Pakellas.
  2152 | D:5      | Noticed a centaur
  2163 | D:5      | Killed a centaur
  2163 | D:5      | Reached XP level 5. HP: 18/25 MP: 11/11
  2245 | D:5      | Noticed jerryfan's ghost (novice DrAr)
  2291 | D:6      | Noticed a centaur
  2297 | D:6      | Killed a centaur
  2297 | D:6      | Reached skill level 5 in Dodging
  2297 | D:6      | Reached XP level 6. HP: 21/30 MP: 11/13
  2458 | D:5      | Reached skill level 5 in Stealth
  2465 | D:5      | Found a radiant altar of Vehumet.
  2568 | D:5      | Found a bloodstained altar of Trog.
  2684 | D:6      | Learned a level 3 spell: Teleport Other
  3247 | D:6      | Noticed an ice beast
  3300 | D:6      | Reached XP level 7. HP: 19/33 MP: 13/15
  3434 | D:6      | Found a blossoming altar of Fedhas.
  3532 | D:6      | Reached skill level 5 in Spellcasting
  4334 | D:8      | Noticed Prince Ribbit
  4400 | D:8      | Reached XP level 8. HP: 34/37 MP: 15/17
  4685 | D:8      | Noticed Joseph
  4775 | D:8      | Killed Joseph
  5456 | D:8      | Learned a level 3 spell: Portal Projectile
  5701 | D:9      | Found a staircase to the Orcish Mines.
  6052 | D:9      | Reached XP level 9. HP: 41/41 MP: 17/20
  6081 | D:9      | Reached skill level 5 in Short Blades
  6498 | D:9      | Learned a level 4 spell: Force Lance
  6551 | D:9      | Found a staircase to the Lair.
  6849 | D:9      | Found a shattered altar of Ashenzari.
  6849 | D:9      | Found a burning altar of Makhleb.
  7131 | D:9      | Found Duemyrgh's Gadget Emporium.
  8182 | D:9      | Reached skill level 10 in Dodging
  8209 | D:9      | Reached skill level 10 in Stealth
  8274 | D:9      | jerryfan: You're faster than them so don't bother teleporting them, just run!
  8275 | D:9      | DungeonMaster: :)
  8419 | Orc:1    | Entered Level 1 of the Orcish Mines
  8419 | Orc:1    | Noticed a troll
  8430 | Orc:1    | Noticed an orc sorcerer
  8434 | Orc:1    | Noticed a smoke demon
  8455 | Orc:1    | Noticed appiemonkey's ghost (journeyman DDFi)
  8468 | Orc:1    | Found a flagged portal.
  8473 | Orc:1    | Noticed an orc warlord
  8493 | Orc:2    | Entered Level 2 of the Orcish Mines
  8498 | Orc:2    | Killed from afar by an orc priest

Skill      XL: |  1  2  3  4  5  6  7  8  9 |
---------------+----------------------------+-----
Stealth        | 1 2 3 4 6 7 8 10 | 10.0
Spellcasting   | 3 4 5 7 8 |  8.0
Dodging        | 4 5 6 7 9 10 | 10.1
Translocations | 5 6 7 8 9 |  9.2
Short Blades   | 3 4 5 |  5.0
Fighting       | |  1.5
Throwing       | |  1.0

Action                   |  1- 3 |  4- 6 |  7- 9 || total
-------------------------+-------+-------+-------++-------
Melee: Short sword       |    86 |       |       ||    86
       Rapier            |    30 |       |    28 ||    58
       Dagger            |    19 |    55 |   370 ||   444
Throw: Tomahawk          |     1 |     4 |       ||     5
       Stone             |       |     2 |     4 ||     6
 Cast: Apportation       |     4 |       |     8 ||    12
       Shroud of Golubri |     5 |       |    39 ||    44
       Blink             |     2 |       |       ||     2
       Teleport Other    |       |     7 |    52 ||    59
       Passage of Golubr |       |       |     3 ||     3
  Use: Scroll            |     5 |     3 |     5 ||    13
       Potion            |     1 |     1 |     2 ||     4
 Stab: Sleeping          |     9 |     3 |     6 ||    18
       Distracted        |     1 |       |     4 ||     5
       Invisible         |       |     5 |       ||     5
  Eat: Royal jelly       |     1 |       |       ||     1
       Fruit             |       |     3 |       ||     3
       Bread ration      |       |       |     1 ||     1
Armor: Robe              |    16 |       |    20 ||    36
Dodge: Dodged            |   124 |    37 |   374 ||   535
